Map: Crimson Court LE

Players

A.I. 1 (Elite)

  • Race: Zerg Zerg
  • Spawn Location: 7:00

машиновођа - Winner!

  • Race: Terran Terran
  • League: Diamond
  • Spawn Location: 1:00

VOD

Have the link to the VOD?

Description

Time

  • Played on: Aug. 25, 2024, 10:19 a.m.
  • Length: 8:30
Show
View Real Time Build Order
Export as new Build Order

A.I. 1 (Elite) Zerg 

Build Orders: Pool First 

Get SALT Encoding   

  12  0:00  Drone  
  13  0:12  Overlord  
  13  0:16  Drone  
  14  0:30  Drone x2  
  16  0:42  Spawning Pool  
  15  0:44  Drone  
  15  0:48  Drone  
  17  1:10  Hatchery  
  16  1:12  Drone  
  16  1:15  Extractor  
  16  1:17  Drone  
  17  1:21  Drone  
  18  1:28  Drone  
  19  1:38  Overlord  
  19  1:46  Queen  
  21  1:49  Drone  
  22  2:00  Zergling x2  
  23  2:10  Drone  
  24  2:21  Drone  
  24  2:22  Roach Warren, Queen  
  25  2:23  Extractor  
  25  2:24  Drone  
  25  2:32  Zergling x2  
  25  2:35  Drone  
  26  2:43  Drone  
  27  2:45  Overlord  
  27  2:53  Drone  
  27  2:54  Drone  
  29  3:04  Drone x3  
  32  3:06  Zergling x2  
  32  3:08  Zergling x2  
  34  3:15  Roach  
  34  3:17  Roach  
  38  3:26  Roach  
  40  3:28  Roach, Drone  
  40  3:30  Drone  
  44  3:36  Overlord  
  44  3:43  Lair  
  44  3:48  Metabolic Boost  
  44  3:54  Drone  
  46  3:55  Drone  
  46  3:59  Drone  
  46  4:00  Drone  
  48  4:03  Drone  
  48  4:05  Drone  
  48  4:08  Drone  
  51  4:12  Overlord  
  51  4:14  Drone  
  52  4:20  Evolution Chamber, Drone  
  52  4:24  Evolution Chamber, Drone  
  51  4:30  Drone x2  
  54  4:34  Drone  
  54  4:36  Drone  
  54  4:38  Drone  
  57  4:40  Drone  
  58  4:45  Infestation Pit, Drone  
  58  4:47  Zerg Missile Weapons Level 1  
  58  4:50  Zerg Ground Armor Level 1  
  58  4:53  Overlord  
  58  4:57  Overlord  
  58  4:59  Drone  
  59  5:00  Zergling x2  
  60  5:11  Roach, Drone  
  63  5:15  Drone, Hydralisk Den  
  63  5:17  Drone  
  63  5:18  Roach  
  63  5:19  Overlord  
  66  5:21  Drone  
  67  5:43  Hydralisk x2  
  67  5:49  Hatchery  
  71  5:50  Drone  
  71  5:53  Drone x3  
  71  5:54  Infestor  
  71  5:56  Drone x2  
  71  5:59  Roach  
  71  6:00  Drone  
  71  6:01  Drone  
  71  6:03  Drone  
  71  6:04  Roach, Drone  
  73  6:07  Drone  
  73  6:08  Drone x2  
  55  6:12  Drone  
  55  6:13  Drone  
  48  6:22  Hydralisk  
  48  6:23  Drone  
  44  6:33  Zergling x2  
  44  6:34  Drone  
  44  6:38  Queen  
  44  6:44  Drone  
  44  6:45  Drone  
  42  6:49  Drone  
  42  6:50  Drone  
  42  6:52  Drone  
  41  6:57  Drone  
  32  7:04  Drone  
  28  7:10  Drone  
  29  7:18  Drone  
  29  7:20  Drone  
  25  7:26  Drone  
  25  7:34  Drone  
  23  7:40  Drone  
  23  7:46  Drone  
Show
View Real Time Build Order
Export as new Build Order

машиновођа Terran - Winner!

Build Orders: Hellion Opening, Reaper Expand, Mech 

Get SALT Encoding   

  12  0:00  SCV  
  13  0:12  SCV  
  14  0:17  Supply Depot  
  14  0:24  SCV  
  15  0:38  SCV  
  15  0:39  Barracks  
  16  0:43  Refinery  
  16  0:50  SCV  
  17  1:02  SCV  
  18  1:14  SCV  
  19  1:26  Reaper  
  19  1:27  Orbital Command  
  20  1:39  Command Center  
  20  1:47  Supply Depot  
  20  1:53  SCV  
  21  1:58  Marine  
  22  2:08  SCV  
  23  2:11  Factory  
  23  2:15  Refinery  
  23  2:23  Barracks Reactor, SCV  
  24  2:35  SCV  
  25  2:47  SCV  
  25  2:51  Orbital Command  
  26  2:58  Starport  
  26  3:02  SCV  
  27  3:07  Barracks Tech Lab, Hellion x2  
  31  3:14  SCV  
  32  3:21  SCV  
  32  3:26  SCV  
  34  3:29  Hellion x2  
  34  3:33  SCV  
  39  3:39  Supply Depot  
  39  3:46  Fusion Core  
  39  3:47  SCV x2  
  41  3:50  Refinery  
  41  3:52  Hellion x2  
  45  4:01  Viking  
  47  4:02  Supply Depot  
  47  4:09  SCV x2  
  49  4:16  Hellion x2  
  53  4:24  SCV x2  
  54  4:25  Supply Depot  
  55  4:34  Battlecruiser  
  55  4:36  SCV  
  62  4:47  Supply Depot, SCV  
  62  4:48  SCV  
  64  4:57  Refinery  
  64  4:59  SCV  
  65  5:01  SCV  
  66  5:11  SCV, Supply Depot  
  66  5:13  Command Center, SCV  
  68  5:15  Barracks Tech Lab  
  68  5:23  Factory x2  
  68  5:24  SCV  
  68  5:25  SCV  
  70  5:33  Supply Depot  
  70  5:39  Battlecruiser  
  76  5:48  SCV x2  
  78  5:57  Supply Depot  
  78  6:00  SCV x2  
  78  6:12  SCV x2  
  78  6:13  Factory Tech Lab  
  66  6:19  Siege Tank  
  66  6:20  Hellion, Supply Depot  
  66  6:21  Armory, Hellion  
  66  6:22  Armory, Supply Depot  
  66  6:24  SCV  
  74  6:44  Supply Depot  
  74  6:45  Siege Tank  
  77  6:51  Siege Tank  
  77  6:53  SCV x2  
  82  6:56  Orbital Command  
  82  7:00  Hellion  
  82  7:01  Hellion  
  86  7:08  Supply Depot, SCV x2  
  88  7:11  Battlecruiser  
  94  7:26  Siege Tank  
  94  7:27  Siege Tank  
  94  7:28  Hellion x2  
  104  7:30  Supply Depot  
  104  7:54  Supply Depot  
  104  7:55  Hellion  
  104  7:56  Hellion  
  108  8:13  Command Center  
  108  8:29  Refinery  
Tags
 
Add a new tag
Caveats
  • Supply blocks, unpowered buildings, or Contaminate may cause inaccurate times.
  • Supply counts are checked every 10 seconds.